 Seeded DCSS version 0.31-a0-210-gccc998df9b (webtiles) character file.

Game seed: 10255661561286451054 (custom seed)

4296 innerfire43 the Fighter (level 10, -12/83 HPs)
             Began as a Demonspawn Monk on June 29, 2023.
             Was a High Priest of Okawaru.
             Mangled by Grum
             ... wielding a +0 halberd
              (14 damage)
             ... on level 9 of the Dungeon.
             The game lasted 00:12:15 (7346 turns).

innerfire43 the Fighter (Demonspawn Monk)           Turns: 7346, Time: 00:12:16

Health: -12/83     AC: 14    Str: 15    XL:     10   Next: 11%
Magic:  0/10       EV: 16    Int: 16    God:    Okawaru [*****.]
Gold:   328        SH:  0    Dex: 22    Spells: 9/9 levels left

rFire   + + .        e - +4 whip (vamp)
rCold   + . .        d - orb {light}
rNeg    . . .        s - +5 ring mail of the Bulwark {+Blink rF++ Int+2}
rPois   .            t - +0 hat
rElec   .            j - +0 cloak
rCorr   .            u - +1 pair of gloves
SInv    .            F - +0 pair of boots
Will    .....        (no amulet)
Stlth   +            x - +6 ring of dexterity
HPRegen 0.33/turn    o - ring of protection from cold
MPRegen 0.24/turn

%: guardian spirit
@: on berserk cooldown, slowed, glowing, very slow
A: hooves 2, magic shield, magic regeneration, magic link, big brain 1, demonic
magic 2
a: Renounce Religion, Evoke Blink, Heroism, Finesse, Duel


You were on level 9 of the Dungeon.
You worshipped Okawaru.
Okawaru was extremely pleased with you.
You visited 1 branch of the dungeon, and saw 9 of its levels.

You collected 328 gold pieces.

Inventory:

Hand Weapons
 a - a +0 mace
 e - a +4 vampiric whip (weapon)
 n - a +2 dagger of protection
 r - the +6 great sword "Jiehidygh" {chaos, Will+}
   (You found it on level 6 of the Dungeon)

   Will:      It increases your willpower.
 w - a +3 quarterstaff of chaos
Missiles
 c - a throwing net
 H - 17 poisoned darts
Armour
 b - a +0 robe
 d - an orb of light (worn)
 j - a +0 cloak (worn)
 s - the +5 ring mail of the Bulwark (worn) {+Blink rF++ Int+2}
   (You found it on level 4 of the Dungeon)

   Int:       It affects your intelligence (+2).
   rF:        It greatly protects you from fire.
   +Blink:    It lets you blink.
 t - a +0 hat (worn)
 u - a +1 pair of gloves (worn)
 v - a +0 kite shield
 E - the +1 ice dragon scales of the Good {Rampage rF- rC++ Dex+3 Stlth-}
   (Okawaru gifted it to you on level 7 of the Dungeon)

   Dex:       It affects your dexterity (+3).
   rF:        It makes you vulnerable to fire.
   rC:        It greatly protects you from cold.
   Rampage:   It bestows one free step when moving towards enemies.
   Stlth:     It makes you less stealthy.
 F - a +0 pair of boots (worn)
 G - a +0 helmet
Jewellery
 o - a ring of protection from cold (right hand)
 p - a ring of positive energy
 x - a +6 ring of dexterity (left hand)
Wands
 l - a wand of roots (7)
 y - a wand of mindburst (7)
 z - a wand of flame (31)
Scrolls
 A - 2 scrolls of noise
 B - 2 scrolls of revelation
 D - a scroll of identify
Potions
 f - a potion of berserk rage
 g - a potion of might {unknown}
 h - 2 potions of haste {unknown}
 i - a potion of invisibility {unknown}
 m - 2 potions of attraction {unknown}
 q - 2 potions of degeneration {unknown}
 I - 2 potions of enlightenment {unknown}


   Skills:
 + Level 9.2 Fighting
 + Level 8.2 Maces & Flails
 + Level 8.2 Dodging


You had 9 spell levels left.
You didn't know any spells.
Your spell library contained the following spells:

 Spells                   Type           Power      Damage    Failure   Level
 Hailstorm                Conj/Ice       0%         3d3       83%         3
 Ice Form                 Ice/Tmut       0%         N/A       99%         4
 Simulacrum               Ice/Necr       Unusable   N/A       N/A         6

Dungeon Overview and Level Annotations

Branches:
Dungeon (9/15)             Temple (0/1) D:7
   Lair: D:8-11         Orc: D:9-12

Altars:
Makhleb
Okawaru
Vehumet
Yredelemnul

Shops:
D:1 (   D:3 (   D:5 :   D:7 =

Annotations:
D:9 Grum


Innate Abilities, Weirdness & Mutations

You have hoof-like feet.
When hurt, damage is shared between your health and your magic reserves.
You regenerate magic rapidly.
When low on magic, you restore magic in place of health.
You have an unusually large brain. (Int +2)
Spells you cast may paralyse nearby enemies.


Message History

The wolf is severely wounded.
The wolf closely misses you. The wolf misses you.
You hit the wolf but do no damage.
The wolf is severely wounded.
The wolf bites you!
* * * LOW HITPOINT WARNING * * *
You hit the wolf.
You feel better.
The wolf is severely wounded.
The wolf closely misses you. The wolf barely misses you.
The wolf closely misses you. The wolf bites you but does no damage.
You closely miss the wolf.
The wolf is severely wounded.
The wolf bites you but does no damage. The wolf completely misses you.
The wolf bites you but does no damage. The wolf misses you.
You hit the wolf.
You feel better.
You kill the wolf!
Okawaru accepts your kill. The wolf closely misses you.
You hit the wolf but do no damage.
You hear the steady creaking of a very distant portcullis.
The wolf bites you but does no damage. The wolf closely misses you.
You hit the wolf.
You feel better.
The wolf is lightly wounded.
The wolf misses you. x2
You hit the wolf.
You feel better.
The wolf is moderately wounded.
The wolf closely misses you. The yak gores you but does no damage.
The wolf bites you!
* * * LOW HITPOINT WARNING * * *
Grum hits you from afar with a +0 halberd!
* * * LOW HITPOINT WARNING * * *
You blink.
The wolf misses you. The wolf bites you.
* * * LOW HITPOINT WARNING * * *
You feel stable enough to blink again. The wolf barely misses you.
The wolf bites you but does no damage. Grum completely misses you.
The wolf barely misses you.
Grum hits you from afar with a +0 halberd!
You die...

###............#.# #..#.## ....#
#..............#.# #.....# ....#
#........#.....#.###.....# ....#
#........####............# ....#
#...........#####.††.....# ....#
#...........## #.....#.... ....#
#............# #.....#+###
gY..###........#...# #......>.
Y†..............@..# #.........
#Y†.....####.).Yh### #.........
#........#....g)Y######.........
###......#......Y.....#.........
#......#............##...###.
#...................# ....
###...................# .....
......................#
..........†...........#


You could see Grum, 3 yaks and a wolf.

Vanquished Creatures
  A shadow (D:6)
  A yak (D:9)
  A steam dragon (D:5)
  A water moccasin (D:5)
  An orc warrior (D:6)
  4 sky beasts
  2 ice beasts
  A black bear (D:6)
  A hornet zombie (D:7)
  2 wolves (D:9)
  A phantom (D:6)
  A kobold brigand (D:8)
  2 bullfrogs
  7 scorpions
  A wyvern zombie (D:7)
  3 wights (D:7)
  15 killer bees
  3 vampire bats (D:6)
  4 howler monkeys
  2 bullfrog zombies (D:7)
  A crimson imp (D:3)
  3 centaur zombies (D:7)
  4 orc priests
  A gnoll bouda (D:6)
  Crazy Yiuf (D:3)
  2 hounds
  An iguana (D:6)
  Natasha (thrice) (D:4)
  6 orc wizards
  A killer bee zombie (D:7)
  5 gnolls (D:6)
  5 adders
  2 shadow imps
  A white imp (D:5)
  An ufetubus (D:6)
  A worm (D:4)
  2 dart slugs
  30 orcs
  5 ball pythons
  8 endoplasms
  4 giant cockroaches
  6 goblins
  7 hobgoblins
  4 jackals (D:1)
  5 quokkas
  11 bats
  2 frilled lizards
  19 kobolds
  3 rats
198 creatures vanquished.

Vanquished Creatures (others)
  An orc (D:5)
1 creature vanquished.

Grand Total: 199 creatures vanquished

Notes
Turn   | Place    | Note
-------+----------+-------------------------------------------
     0 | D:1      | innerfire43 the Demonspawn Monk began the quest for the
                  | Orb.
     0 | D:1      | Reached XP level 1. HP: 18/18 MP: 1/1
   166 | D:1      | Gained mutation: You regenerate magic rapidly. [demonic
                  | ancestry]
   166 | D:1      | Reached XP level 2. HP: 24/24 MP: 2/2
   233 | D:1      | Found a faded altar of an unknown god.
   372 | D:1      | Found Qybe's Weapon Shop.
   483 | D:1      | Gained mutation: When hurt, damage is shared between your
                  | health and your magic reserves. [demonic ancestry]
   483 | D:1      | Reached XP level 3. HP: 27/29 MP: 3/3
  1012 | D:1      | Prayed at the altar of an unknown god.
  1012 | D:1      | Became a worshipper of Warmaster Okawaru
  1012 | D:1      | Reached * piety under Okawaru
  1012 | D:1      | Reached ** piety under Okawaru
  1637 | D:3      | Gained mutation: Spells you cast may paralyse adjacent
                  | enemies. [demonic ancestry]
  1637 | D:3      | Reached XP level 4. HP: 35/37 MP: 4/4
  1643 | D:3      | Reached *** piety under Okawaru
  1751 | D:3      | You fall into a shaft and drop 2 floors!
  1751 | D:5      | Entered Level 5 of the Dungeon
  1808 | D:5      | Found Daczof's Book Boutique.
  1829 | D:4      | Found a glowing drain.
  1867 | D:4      | Noticed Natasha
  1906 | D:4      | HP: 1/37 [orc wizard/+0 dagger (3)]
  1909 | D:4      | Reached skill level 4 in Fighting
  1912 | D:4      | Killed Natasha
  1918 | D:4      | Gained mutation: You have an unusually large brain. (Int
                  | +2) [demonic ancestry]
  1918 | D:4      | Reached XP level 5. HP: 26/42 MP: 1/5
  1937 | D:4      | Identified the +5 ring mail of the Bulwark {+Blink rF++
                  | Int+2}
  2079 | D:3      | Found Teimelo's Weapon Shop.
  2282 | D:3      | Found a burning altar of Makhleb.
  2282 | D:3      | Found a radiant altar of Vehumet.
  2372 | D:3      | Found a runed translucent door.
  2373 | D:3      | Noticed Crazy Yiuf
  2383 | D:3      | Killed Crazy Yiuf
  2683 | D:4      | Noticed Natasha
  2692 | D:4      | Killed Natasha
  2733 | D:4      | Gained mutation: You have large cloven feet. [demonic
                  | ancestry]
  2733 | D:4      | Reached XP level 6. HP: 49/49 MP: 6/6
  2905 | D:4      | Noticed Natasha
  2912 | D:4      | Killed Natasha
  3006 | D:5      | Noticed an ice beast
  3019 | D:5      | Killed an ice beast
  3019 | D:5      | Reached **** piety under Okawaru
  3020 | D:5      | Reached skill level 5 in Fighting
  3021 | D:5      | Noticed a steam dragon
  3038 | D:5      | Killed a steam dragon
  3039 | D:5      | Gained mutation: When low on magic, you restore magic in
                  | place of health. [demonic ancestry]
  3039 | D:5      | Reached XP level 7. HP: 42/56 MP: 2/7
  3189 | D:5      | Reached skill level 5 in Maces & Flails
  3189 | D:5      | Reached skill level 5 in Dodging
  3377 | D:5      | Reached skill level 6 in Fighting
  3462 | D:5      | Reached XP level 8. HP: 64/64 MP: 8/8
  4236 | D:6      | Reached ***** piety under Okawaru
  4330 | D:6      | Reached skill level 7 in Fighting
  4560 | D:6      | Identified the +6 great sword "Jiehidygh" {chaos, Will+}
  4665 | D:6      | Gained mutation: You have hoof-like feet. [demonic
                  | ancestry]
  4665 | D:6      | Reached XP level 9. HP: 72/72 MP: 9/9
  5591 | D:7      | Found a basalt altar of Yredelemnul.
  5658 | D:7      | Found Ekkuobro's Jewellery Shoppe.
  5826 | D:7      | Found a staircase to the Ecumenical Temple.
  5849 | D:7      | Reached skill level 8 in Fighting
  5883 | D:7      | Identified the +1 ice dragon scales of the Good {Rampage
                  | rF- rC++ Dex+3 Stlth-} (Okawaru gifted it to you on level 7
                  | of the Dungeon)
  5883 | D:7      | Received a gift from Okawaru
  7123 | D:9      | Reached skill level 9 in Fighting
  7295 | D:9      | Noticed Grum
  7311 | D:9      | Gained mutation: Spells you cast may paralyse nearby
                  | enemies. [demonic ancestry]
  7311 | D:9      | Reached XP level 10. HP: 42/83 MP: 2/10
  7341 | D:9      | HP: 2/83 [Grum/+0 halberd (8)]
  7346 | D:9      | Mangled by Grum

Illustrated notes

Levels and vault maps discovered:
D:1:      lightli_iron_boxes, layout_basic, serial_shops,
          nicolae_shop_bloodbath_and_beyond, shapermc_ecumenical_altar_pompeii
D:2:      layout_basic, chequers_big_river
D:3:      layout_rooms, grunt_temple_overflow_lords_of_destruction,
          serial_shops, shop, uniq_crazy_yiuf_cottage
D:4:      layout_rooms, portal_sewer_entry_f, uniq_natasha
D:5:      layout_loops_cross, serial_shops, shop
D:6:      layout_basic, roderic_batcave
D:7:      layout_loops_ring, nicolae_yredelemnul_corpse_copse,
          minmay_temple_entry_antechambers, serial_shops,
          nicolae_shop_statue_plus, reono_crystal_passage
D:8:      layout_basic
D:9:      layout_basic, enter_bailey_3, uniq_grum

Skill      XL: |  1  2  3  4  5  6  7  8  9 |
---------------+----------------------------+-----
Maces & Flails | 3 4 5 6 8 |  8.2
Dodging        | 3 4 5 6 8 |  8.2
Fighting       | 4 5 6 7 9 |  9.2

Action                     |  1- 3 |  4- 6 |  7- 9 | 10-12 || total
---------------------------+-------+-------+-------+-------++-------
  Melee: Mace              |    13 |       |       |       ||    13
         Whip              |    89 |   173 |   551 |    25 ||   838
         Kick              |       |    24 |   197 |       ||   221
Ability: Evoke Blink       |       |       |       |     1 ||     1
    Use: Potion            |       |     4 |     4 |       ||     8
         Scroll            |       |     5 |     6 |     1 ||    12
 Armour: Robe              |    27 |    15 |       |       ||    42
         Ring mail         |       |    52 |   246 |    20 ||   318
  Dodge: Dodged            |    81 |   145 |   490 |    73 ||   789

Table legend: (Time is in decaauts)
 A = Elapsed time spent in this place.
 B = Non-inter-level travel time spent in this place.
 C = Inter-level travel time spent in this place.
 D = Time resting spent in this place.
 E = Time spent auto-exploring this place.
 F = Levels seen in this place.
 G = Mean time per level.
                   A        B        C        D        E       F      G
               +--------+--------+--------+--------+--------+-----+--------+
         Total |   7236 |   6525 |    711 |      0 |   5014 |   9 |  804.0 |
       Dungeon |   7236 |   6525 |    711 |      0 |   5014 |   9 |  804.0 |
               +--------+--------+--------+--------+--------+-----+--------+

Top non-repeatable levels by time:
     D:6: 1254 daAuts
     D:1: 1139 daAuts
     D:7: 874 daAuts
     D:3: 862 daAuts
     D:5: 841 daAuts
     D:8: 693 daAuts
     D:2: 664 daAuts
     D:4: 643 daAuts
     D:9: 261 daAuts
